 Dungeon Crawl Stone Soup version 0.31.0-32-g396128a36d (webtiles) character file.

Game seed: 15972301158837386892

984 wingedge the Digger (level 7, 0/55 HPs)
             Began as a Demigod Earth Elementalist on Mar 14, 2024.
             Slain by a scorpion zombie (2 damage)
             ... in an ossuary on Mar 15, 2024.
             The game lasted 00:12:23 (3940 turns).

wingedge the Digger (Demigod Earth Elementalist)    Turns: 3940, Time: 00:12:23

Health: 0/55       AC:  2    Str:  7 (9)  XL:     7   Next: 64%
Magic:  20/25      EV: 12    Int: 24 (25) God:
Gold:   259        SH:  0    Dex: 13 (14) Spells: 10/14 levels left

rFire   . . .        b - +0 sling (freeze)
rCold   . . .        (no shield)
rNeg    . . .        e - +0 robe
rPois   .            (no helmet)
rElec   .            (no cloak)
rCorr   .            (no gloves)
SInv    .            (no boots)
Will    ++...        (no amulet)
Stlth   ++           w - ring of willpower
HPRegen 0.29/turn    l - ring of magical power
MPRegen 0.19/turn

%: no passive effects
@: enlightened, flying
A: high MP 1, forlorn, divine attributes
a: no special abilities


You were in an ossuary.
You visited 1 branch of the dungeon, and saw 4 of its levels.
You also visited: Ossuary.

You collected 259 gold pieces.

Inventory:

Hand Weapons
 a - a +1 dagger of venom
 b - a +0 sling of freezing (weapon)
 c - a +0 trident
Armour
 e - a +0 robe (worn)
 q - a +0 ring mail
Magical Staves
 t - a staff of fire
Jewellery
 l - a ring of magical power (right hand)
 s - a ring of see invisible
 w - a ring of willpower (left hand)
Scrolls
 d - 3 scrolls of enchant armour {unknown}
 g - 2 scrolls of butterflies {unknown}
 h - a scroll of revelation {unknown}
 i - a scroll of immolation {unknown}
 o - a scroll of amnesia
 p - a scroll of fear {unknown}
 r - a scroll of enchant weapon {unknown}
 u - a scroll of vulnerability {unknown}
 v - a scroll of teleportation {unknown}
 y - 2 scrolls of identify
 z - 2 scrolls of silence {unknown}
 B - a scroll of poison {unknown}
Potions
 f - a potion of berserk rage {unknown}
 k - a potion of degeneration
 m - a potion of might {unknown}
 n - 2 potions of enlightenment
 x - a potion of mutation {unknown}
 A - 2 potions of haste {unknown}


   Skills:
 + Level 2.3 Fighting
 + Level 0.9 Armour
 - Level 2.0 Dodging
 - Level 2.0 Stealth
 + Level 4.1 Spellcasting
 - Level 5.0 Conjurations
 - Level 5.0 Earth Magic


You had 10 spell levels left.
You knew the following spells:

 Your Spells              Type           Power      Damage    Failure   Level
a - Sandblast             Erth           56%        2d13      1%          1
b - Stone Arrow           Conj/Erth      56%        3d10      3%          3

Your spell library contained the following spells:

 Spells                   Type           Power      Damage    Failure   Level
 Passwall                 Erth           28%        N/A       3%          3
 Brom's Barrelling Bould  Conj/Erth      28%        2d5       12%         4
 Inner Flame              Hex/Fire       4%         N/A       28%         3
 Flame Wave               Conj/Fire      16%        2d7       34%         4
 Petrify                  Alch/Erth      16%        N/A       34%         4
 Sticky Flame             Fire/Alch      4%         2d4       67%         4


Dungeon Overview and Level Annotations

Branches:
Dungeon (4/15)            Ossuary (1/1)
 Temple: D:4-7


Innate Abilities, Weirdness & Mutations

You have an increased reservoir of magic. (+10% MP)
You shall have no god before yourself.
Your divine heritage dramatically boosts your attributes as you level up.


Message History

* * * LOW HITPOINT WARNING * * *
The centaur zombie closely misses you. x2
You feel sick.
You are no longer poisoned.
The centaur zombie attacks as it pursues you!
The centaur zombie barely misses you. The centaur zombie kicks you.
* * * LOW HITPOINT WARNING * * *
Okay, then.
Magic courses through your body. The centaur zombie hits you.
* * * LOW HITPOINT WARNING * * *
The centaur zombie barely misses you. The scorpion zombie closely misses you.
Casting: Sandblast (safe; 1% risk of failure)
Confirm with . or Enter, or press ? or * to list all spells.
Aiming: Stone Arrow (dangerous; 3% risk of failure)
Press: ? - help, Shift-Dir - straight line, f/p - mummy
Aim: a mummy (88% to hit)
The stone arrow hits the centaur zombie!
You destroy the centaur zombie!
The scorpion zombie barely misses you. The scorpion zombie hits you.
* * * LOW HITPOINT WARNING * * *
Casting: Stone Arrow (dangerous; 3% risk of failure)
Confirm with . or Enter, or press ? or * to list all spells.
Aiming: Stone Arrow (dangerous; 3% risk of failure)
Press: ? - help, Shift-Dir - straight line, f - scorpion zombie, p - mummy
Aim: a scorpion zombie (91% to hit)
The stone arrow hits the scorpion zombie!!
The scorpion zombie is heavily damaged.
The scorpion zombie hits you but does no damage.
The scorpion zombie hits you.
* * * LOW HITPOINT WARNING * * *
It was a potion of enlightenment.
You feel very buoyant.
You fly up into the air.
The scorpion zombie closely misses you. The scorpion zombie hits you.
* * * LOW HITPOINT WARNING * * *
It was a potion of degeneration.
There was something very wrong with that liquid.
You feel weakened.
You feel dopey.
You feel clumsy. The scorpion zombie hits you.
You die...

###################
#...#??.#...#...#..
#...'..?#...'...8..
†..#?.M#...#......
##†#######'###8...8
#...#...#...#......
#.M.#...8...#...8..
#Z.Z#.......#...#..
#.@.##8...8########
#...#.......#...#..
#...#...8...'...#..
#...#...#...#...#..
##'###########+####
#...#...#...#.....#
#...8...'...#.....#
#.......#...#.....8
##8...8###'##......


You could see a mummy and 2 scorpion zombies.

Vanquished Creatures
  8 scorpions (Ossuary)
  5 centaur zombies (Ossuary)
  An orc priest (D:4)
  A hound (D:4)
  3 scorpion zombies (Ossuary)
  2 human zombies (Ossuary)
  An orc wizard (D:4)
  2 mummies (Ossuary)
  3 adders
  An adder zombie (Ossuary)
  A ribbon worm (D:2)
  2 dart slugs (D:1)
  4 orcs
  5 endoplasms
  A giant cockroach (D:2)
  2 gnoll zombies (Ossuary)
  3 goblins
  5 hobgoblins
  2 jackals (D:1)
  6 quokkas
  5 ball pythons
  3 ball python zombies (Ossuary)
  4 bats (D:1)
  2 frilled lizards
  A jackal zombie (Ossuary)
  11 kobolds
  2 orc zombies (Ossuary)
  6 rats
92 creatures vanquished.

Notes
Turn   | Place    | Note
-------+----------+-------------------------------------------
     0 | D:1      | wingedge the Demigod Earth Elementalist began the quest for
                  | the Orb.
     0 | D:1      | Reached XP level 1. HP: 14/14 MP: 5/5
   257 | D:1      | Reached XP level 2. HP: 20/20 MP: 1/7
  1038 | D:2      | Reached XP level 3. HP: 21/26 MP: 1/8
  1113 | D:1      | Learned a level 3 spell: Stone Arrow
  1242 | D:2      | Reached skill level 1 in Conjurations
  2688 | D:4      | Reached XP level 4. HP: 33/33 MP: 10/10
  2909 | D:4      | Reached skill level 1 in Fighting
  2909 | D:4      | Reached XP level 5. HP: 40/40 MP: 12/12
  2915 | D:4      | Found a sand-covered staircase.
  2924 | Ossuary  | Entered an ossuary
  3133 | Ossuary  | Reached XP level 6. HP: 43/47 MP: 9/13
  3755 | Ossuary  | Reached XP level 7. HP: 55/55 MP: 15/15
  3929 | Ossuary  | Reached skill level 5 in Conjurations
  3929 | Ossuary  | Reached skill level 5 in Earth Magic
  3939 | Ossuary  | HP: 2/55 [scorpion zombie (5)]
  3940 | Ossuary  | Slain by a scorpion zombie

Illustrated notes

Levels and vault maps discovered:
D:1:      mrwooster_arrival_arrow, layout_loops_cross
D:2:      layout_loops_ring, nicolae_ecumenical_pavilion
D:3:      layout_loops_ring, nicolae_gozag_cash_rules_everything_around_me,
          kennysheep_generic_room_16
D:4:      layout_rooms, nicolae_ossuary_entry_plus,
          minmay_fractal_squares_gapless_5
Ossuary:  ossuary_minmay_scorpions

Skill      XL: |  1  2  3  4  5  6  7 |
---------------+----------------------+-----
Earth Magic    | 3 4 5 |  5.0
Conjurations   | 2 4 5 |  5.0
Spellcasting   | 2 3 4 |  4.1
Fighting       | 1 2 |  2.3
Stealth        | 2 |  2.0
Dodging        | 2 |  2.0
Armour         | |  0.9

Action                     |  1- 3 |  4- 6 |  7- 9 || total
---------------------------+-------+-------+-------++-------
   Fire: Sling             |     2 |     2 |       ||     4
   Cast: Sandblast         |    81 |    39 |     1 ||   121
         Stone Arrow       |       |    27 |    16 ||    43
    Use: Scroll            |       |     3 |       ||     3
         Potion            |       |       |     3 ||     3
 Armour: Robe              |    13 |    46 |    19 ||    78
  Dodge: Dodged            |    18 |    43 |    10 ||    71
